 Seeded DCSS version 0.32-a0-86-g8db1b9f803 (webtiles) character file.

Game seed: 6980085 (custom seed)

357 muata the Caller (level 6, -5/36 HPs)
             Began as an Octopode Summoner on Feb 6, 2024.
             Slain by Gangsterbeez's ghost (14 damage)
             ... on level 4 of the Dungeon.
             The game lasted 00:20:35 (3498 turns).

muata the Caller (Octopode Summoner)                Turns: 3498, Time: 00:20:36

Health: -5/36      AC:  2    Str:  7    XL:     6   Next: 64%
Magic:  10/10      EV: 13    Int: 20    God:
Gold:   181        SH:  0    Dex: 15    Spells: 5/11 levels left

rFire   . . .        n - +6 dagger "Daijiz" {flame, Dex+3}
rCold   . . .        (no shield)
rNeg    . . .        v - +1 hat
rPois   .            (no amulet)
rElec   .            (no ring)
rCorr   .            (no ring)
SInv    .            (no ring)
Will    .....        (no ring)
Stlth   ++           (no ring)
HPRegen 0.26/turn    (no ring)
MPRegen 0.12/turn    (no ring)
                     (no ring)

%: no passive effects
@: confused, ambrosia-drunk, inugami summoned
A: almost no armour, amphibious, 8 rings, camouflage 1, gelatinous body 1,
(nimble swimmer 1), tentacles
a: no special abilities


You were on level 4 of the Dungeon.
You visited 1 branch of the dungeon, and saw 4 of its levels.

You collected 181 gold pieces.

Inventory:

Hand Weapons
 n - the +6 dagger "Daijiz" (weapon) {flame, Dex+3}
   (You found it on level 3 of the Dungeon)

   Dex+3:     It affects your dexterity (+3).
Armour
 t - a scarf of harm
 v - a +1 hat (worn)
Talismans
 u - a serpent talisman
Wands
 x - a wand of charming (7)
Scrolls
 b - 2 scrolls of vulnerability {unknown}
 c - a scroll of butterflies {unknown}
 d - 2 scrolls of fear {unknown}
 f - 2 scrolls of identify {unknown}
 g - 3 scrolls of noise {unknown}
 h - a scroll of revelation {unknown}
 j - a scroll of amnesia {unknown}
 k - a scroll of immolation {unknown}
 l - a scroll of silence {unknown}
 p - a scroll of blinking {unknown}
 r - a scroll of fog {unknown}
 w - a scroll of brand weapon {unknown}
Potions
 a - a potion of magic
 e - a potion of degeneration {unknown}
 i - 2 potions of heal wounds {unknown}
 o - a potion of cancellation {unknown}
 q - a potion of attraction {unknown}
 s - 3 potions of curing {unknown}


   Skills:
 - Level 2.0 Dodging
 - Level 2.6 Stealth
 - Level 3.0 Spellcasting
 + Level 7.3 Summonings


You had 5 spell levels left.
You knew the following spells:

 Your Spells              Type           Power      Damage    Failure   Level
a - Summon Small Mammal   Summ           100%       N/A       1%          1
b - Call Imp              Summ           64%        N/A       1%          2
c - Call Canine Familiar  Summ           32%        N/A       2%          3

Your spell library contained the following spells:

 Spells                   Type           Power      Damage    Failure   Level
 Summon Blazeheart Golem  Fire/Summ      17%        N/A       30%         4
 Summon Lightning Spire   Summ/Air       17%        N/A       30%         4


Dungeon Overview and Level Annotations

Branches:
Dungeon (4/15)
 Temple: D:4-7

Altars:
Trog

Annotations:
D:4 Gangsterbeez's ghost, amateur MiFi; HilariousDeathArtist's ghost, amateur HOBr


Innate Abilities, Weirdness & Mutations

You cannot wear most types of armour.
You are amphibious.
You can wear up to eight rings at the same time.
Your skin changes colour to match your surroundings (Stealth+).
Your rubbery body absorbs attacks. (AC +1, EV +1)
((You are camouflaged when in or above water. (Stealth+)))
You have tentacles for arms and can constrict up to eight enemies at once.


Message History

Your cerulean imp hits HilariousDeathArtist's ghost with a -1 spear.
HilariousDeathArtist's ghost barely misses your cerulean imp.
Your quokka completely misses Gangsterbeez's ghost.
Gangsterbeez's ghost completely misses your inugami.
Your bat closely misses Gangsterbeez's ghost.
Your inugami closely misses HilariousDeathArtist's ghost.
Your cerulean imp hits HilariousDeathArtist's ghost but does no damage.
HilariousDeathArtist's ghost hits your cerulean imp.
HilariousDeathArtist's ghost freezes your cerulean imp.
Your cerulean imp dies!
Your cerulean imp disappears in a puff of smoke!
HilariousDeathArtist's ghost turns its malevolent gaze towards you.
Your bat closely misses Gangsterbeez's ghost.
Your quokka bites Gangsterbeez's ghost.
Your inugami closely misses HilariousDeathArtist's ghost.
HilariousDeathArtist's ghost closely misses you.
Your bat closely misses Gangsterbeez's ghost.
Gangsterbeez's ghost hits you!
* * * LOW HITPOINT WARNING * * *
Your quokka bites HilariousDeathArtist's ghost.
Your inugami hits HilariousDeathArtist's ghost.
HilariousDeathArtist's ghost closely misses your quokka.
Your bat closely misses Gangsterbeez's ghost.
Your quokka bites HilariousDeathArtist's ghost.
Gangsterbeez's ghost barely misses you.
Your inugami hits HilariousDeathArtist's ghost.
HilariousDeathArtist's ghost hits your inugami.
HilariousDeathArtist's ghost freezes your inugami.
Your quokka bites HilariousDeathArtist's ghost but does no damage.
Gangsterbeez's ghost hits you!
* * * LOW HITPOINT WARNING * * *
Your bat hits Gangsterbeez's ghost.
Your inugami barely misses HilariousDeathArtist's ghost.
HilariousDeathArtist's ghost hits your inugami.
HilariousDeathArtist's ghost freezes your inugami.
Your bat hits Gangsterbeez's ghost but does no damage.
Your quokka barely misses HilariousDeathArtist's ghost.
Gangsterbeez's ghost screams, "What do you have that I didn't have?"
Gangsterbeez's ghost hits you!
You die...

#.###....#
#..####### ##.##
#########..#
#..........##
#...........#
#...........##
##h.......[...#
#@Wr........#.#
#.W.........#.#
###'b'####..#.#
♣.......♣####.###
#⌠.......⌠# #...#
#♣.......♣# ###.#
#........%# #.#
##ß.....ß## #.#
##$♣⌠♣$## ##'##


You could see Gangsterbeez's ghost (ally target), HilariousDeathArtist's ghost
(distracted, ally target), a friendly quokka (summoned), a friendly inugami
(summoned) and a friendly bat (summoned).

Vanquished Creatures
  A phantom (D:4)
  A bombardier beetle (D:4)
  2 iguanas
  Robin (D:4)
  2 adders
  A dart slug (D:1)
  2 giant cockroaches
  2 goblins (D:4)
  2 hobgoblins (D:1)
  A jackal (D:3)
  A kobold (D:2)
  2 ball pythons
  A frilled lizard (D:3)
  2 rats
21 creatures vanquished.

Vanquished Creatures (collateral kills)
  The ghost of pokeman the Magician, an amateur DEHW (D:3)
  4 gnolls (D:4)
  A dart slug (D:4)
  A ribbon worm (D:2)
  3 bats
  4 endoplasms
  3 giant cockroaches (D:3)
  12 goblins
  5 hobgoblins
  A jackal (D:3)
  2 quokkas
  A ball python (D:1)
  2 frilled lizards
  2 kobolds (D:3)
  2 rats
44 creatures vanquished.

Grand Total: 65 creatures vanquished

Notes
Turn   | Place    | Note
-------+----------+-------------------------------------------
     0 | D:1      | muata the Octopode Summoner began the quest for the Orb.
     0 | D:1      | Reached XP level 1. HP: 11/11 MP: 3/3
    50 | D:1      | Reached XP level 2. HP: 14/17 MP: 0/5
   480 | D:1      | Found a faded altar of an unknown god.
   853 | D:1      | Learned a level 2 spell: Call Imp
  1251 | D:2      | Reached XP level 3. HP: 21/21 MP: 3/6
  1572 | D:2      | Learned a level 3 spell: Call Canine Familiar
  1601 | D:3      | Found a runed translucent door.
  1601 | D:3      | Noticed pokeman's ghost (amateur DEHW)
  1689 | D:3      | Reached XP level 4. HP: 24/27 MP: 6/8
  1693 | D:3      | Reached skill level 5 in Summonings
  1871 | D:3      | Identified the +6 dagger "Daijiz" {flame, Dex+3}
  2261 | D:3      | Found a bloodstained altar of Trog.
  2415 | D:3      | Killed pokeman's ghost
  2416 | D:3      | Reached XP level 5. HP: 31/31 MP: 3/9
  2660 | D:4      | Noticed Robin
  2673 | D:4      | Reached skill level 6 in Summonings
  2678 | D:4      | Killed Robin
  2779 | D:4      | Found a runed translucent gate.
  2780 | D:4      | Found a runed translucent gate.
  2781 | D:4      | Found a runed translucent gate.
  2782 | D:4      | Noticed HilariousDeathArtist's ghost (amateur HOBr)
  2782 | D:4      | Noticed Gangsterbeez's ghost (amateur MiFi)
  2893 | D:4      | Noticed a phantom
  2906 | D:4      | Killed a phantom
  2907 | D:4      | Reached XP level 6. HP: 29/36 MP: 6/10
  2917 | D:4      | Reached skill level 7 in Summonings
  3498 | D:4      | Slain by Gangsterbeez's ghost

Illustrated notes

Levels and vault maps discovered:
D:1:      reono_arrival_mine, layout_basic, chequers_ecumenical_altar_twisty,
          ebering_dispersal_statue_hall
D:2:      minmay_chambers_of_ones, layout_basic
D:3:      layout_loops_ring, lightli_temple_of_fire,
          hellmonk_ghost_happy_afterlife
D:4:      layout_basic, gammafunk_ghost_cemetery, uniq_robin

Skill      XL: |  1  2  3  4  5  6 |
---------------+-------------------+-----
Spellcasting   | 3 |  3.0
Summonings     | 5 6 7 |  7.3
Dodging        | |  2.0
Stealth        | |  2.6

Action                     |  1- 3 |  4- 6 || total
---------------------------+-------+-------++-------
  Melee: Unarmed           |    26 |     4 ||    30
         Constrict         |    10 |     6 ||    16
         Tentacles         |     5 |     7 ||    12
         Punch             |     1 |       ||     1
         Dagger            |       |    22 ||    22
   Cast: Summon Small Mamm |    39 |    32 ||    71
         Call Imp          |       |     6 ||     6
         Call Canine Famil |       |     5 ||     5
    Use: Potion            |       |     1 ||     1
   Stab: Distracted        |     2 |     1 ||     3
         Sleeping          |     1 |     1 ||     2
 Armour: Skin              |    16 |    23 ||    39
  Dodge: Dodged            |    23 |    27 ||    50

Table legend: (Time is in decaauts)
 A = Elapsed time spent in this place.
 B = Non-inter-level travel time spent in this place.
 C = Inter-level travel time spent in this place.
 D = Time resting spent in this place.
 E = Time spent auto-exploring this place.
 F = Levels seen in this place.
 G = Mean time per level.
                   A        B        C        D        E       F      G
               +--------+--------+--------+--------+--------+-----+--------+
         Total |   3496 |   3468 |     28 |     66 |   2304 |   4 |  874.0 |
       Dungeon |   3496 |   3468 |     28 |     66 |   2304 |   4 |  874.0 |
               +--------+--------+--------+--------+--------+-----+--------+

Top non-repeatable levels by time:
     D:4: 1000 daAuts
     D:3: 915 daAuts
     D:1: 854 daAuts
     D:2: 726 daAuts
